 Dungeon Crawl Stone Soup version 0.29.1-1-gd02db6906a (webtiles) character file.

Game seed: 9587052471797409648

326 Icepheonix32 the Caller (level 6, -7/41 HPs)
             Began as a Merfolk Summoner on Oct 6, 2022.
             Killed by divine providence
             ... invoked by an orc priest
              (17 damage)
             ... on level 4 of the Dungeon.
             The game lasted 00:05:31 (4507 turns).

Icepheonix32 the Caller (Merfolk Summoner)          Turns: 4507, Time: 00:05:31

Health: -7/41      AC:  2    Str:  8    XL:     6   Next: 49%
Magic:  6/9        EV: 12    Int: 17    God:
Gold:   122        SH:  0    Dex: 14    Spells: 3/9 levels left

rFire   . . .      SeeInvis .   o - +0 trident
rCold   . . .      Faith    .   (no shield)
rNeg    . . .      Spirit   .   a - +0 robe
rPois   .          Reflect  .   (no helmet)
rElec   .          Harm     .   (no cloak)
rCorr   .          Rampage  .   (no gloves)
Will    .....                   (no boots)
Stlth   +.........              (no amulet)
HPRegen 0.13/turn               (no ring)
MPRegen 0.11/turn               (no ring)

@: confused
A: (nimble swimmer 2), mertail
a: no special abilities


You were on level 4 of the Dungeon.
You visited 1 branch of the dungeon, and saw 4 of its levels.
You also visited: Sewer.

You collected 122 gold pieces.

Inventory:

Hand Weapons
 d - a +0 club
 h - a +0 falchion
 k - a +0 halberd
 o - a +0 trident (weapon)
 p - a +0 dagger
Armour
 a - a +0 robe (worn)
Scrolls
 e - 5 scrolls of vulnerability {unknown}
 g - a scroll of brand weapon {unknown}
 i - 3 scrolls of amnesia {unknown}
 j - a scroll of immolation {unknown}
 l - 3 scrolls of blinking {unknown}
 q - 2 scrolls of identify {unknown}
 s - a scroll of fear {unknown}
Potions
 b - a potion of magic
 c - a potion of flight {unknown}
 f - a potion of might {unknown}
 m - 2 potions of curing {unknown}
 n - a potion of attraction {unknown}
 r - 2 potions of degeneration {unknown}
 t - a potion of haste


   Skills:
 + Level 1.2 Polearms
 - Level 2.6 Dodging
 - Level 2.1 Stealth
 - Level 2.0 Spellcasting
 * Level 7.5 Summonings


You had 3 spell levels left.
You knew the following spells:

 Your Spells              Type           Power      Damage    Failure   Level
a - Summon Small Mammal   Summ           100%       N/A       1%          1
b - Call Imp              Summ           27%        N/A       1%          2
c - Call Canine Familiar  Summ           27%        N/A       2%          3

Your spell library contained the following spells:

 Spells                   Type           Power      Damage    Failure   Level
 Summon Guardian Golem    Hex/Summ       14%        N/A       12%         3
 Tukima's Dance           Hex            1%         N/A       50%         3
 Summon Lightning Spire   Summ/Air       14%        N/A       38%         4
 Passage of Golubria      Tloc           1%         N/A       88%         4
 Yara's Violent Unravell  Hex/Tmut       0%         3d3       99%         5


Dungeon Overview and Level Annotations

Branches:
Dungeon (4/15)              Sewer (visited)
 Temple: D:4-7

Altars:


Innate Abilities, Weirdness & Mutations

((You are very nimble when in or above water. (Stealth+, EV+, Speed+++)))
Your lower body shifts to a powerful aquatic tail in water.


Message History

s - a scroll labelled NEYN OKUMY
t - a potion of haste
There is a gate leading back out of this place here.
Welcome back to the Dungeon!
There is a collapsed entrance here.
Your legs become a tail as you enter the water.
There is an open door here.
An orc wizard comes into view. It is wielding a +0 dagger.
Found a cloak.
The orc wizard shouts!
You hear a shout!
A gnoll, an orc and an orc priest come into view.
Found a scroll labelled GOOLIAQ LUYM.
Your hound barely misses the orc wizard.
The orc wizard hits your hound with a +0 dagger.
An orc wizard comes into view. It is wielding a +0 dagger.
Your hound misses the orc wizard.
You reach to attack!
You hit the orc wizard.
The orc wizard is moderately wounded.
Your hound bites the orc wizard.
The orc wizard closely misses your hound.
A gnoll comes into view. It is wielding a +0 club.
Your hound bites the orc wizard.
You could not reach far enough!
The orc wizard hits your hound with a +0 dagger.
The orc priest mumbles some strange prayers to Beogh against you.
Beogh smites you!
Your hound closely misses the orc.
Your hound bites the orc.
You reach to attack!
You hit the orc.
You kill the orc!
The orc wizard gestures at you while chanting.
The puff of flame hits you! The orc wizard misses your hound.
A gnoll comes into view. It is wielding a +0 flail.
The gnoll hits you from afar with a +0 halberd.
* * * LOW HITPOINT WARNING * * *
Your hound misses the orc wizard. Your hound misses the orc wizard.
The orc wizard casts a spell at you.
You are confused.
The orc priest invokes the aid of Beogh against you.
Beogh smites you!
You die...

......#######.#
...............#####
.....#####............
..........รท.#..#######
?...........#..#
..........<.#..#
........#..##..#
...........##..#
........@#......
.....g...#.#.#.#
.......o.......
..#...h....#...#
...g.o.#o###...#
g......#.# ..#
.....[.#.# .......#.#
....... ..


You could see an orc priest, 2 orc wizards, 2 gnolls and a friendly hound
(summoned).

Vanquished Creatures
  Natasha (D:2)
  A gnoll (D:3)
  3 adders (D:2)
  2 river rats (Sewer)
  2 orcs
  5 bats
  4 giant cockroaches
  A goblin (D:3)
  2 hobgoblins (D:2)
  4 jackals
  3 quokkas
  3 ball pythons
  A frilled lizard (D:2)
  2 kobolds (D:1)
  9 rats
43 creatures vanquished.

Vanquished Creatures (collateral kills)
  An iguana (D:4)
  Natasha (D:2)
  A hell rat (Sewer)
  5 gnolls
  4 adders
  A dart slug (D:3)
  3 orcs (D:3)
  2 endoplasms
  A giant cockroach (D:4)
  4 goblins
  A hobgoblin (D:1)
  12 jackals
  A quokka (D:1)
  A ball python (D:3)
  2 bats (D:2)
  3 kobolds (D:2)
  2 rats
45 creatures vanquished.

Vanquished Creatures (others)
  An endoplasm (D:4)
1 creature vanquished.

Grand Total: 89 creatures vanquished

Notes
Turn   | Place    | Note
-------+----------+-------------------------------------------
     0 | D:1      | Icepheonix32 the Merfolk Summoner began the quest for the
                  | Orb.
     0 | D:1      | Reached XP level 1. HP: 13/13 MP: 3/3
   404 | D:1      | Reached XP level 2. HP: 10/19 MP: 1/5
   585 | D:1      | Learned a level 2 spell: Call Imp
  1217 | D:2      | Reached XP level 3. HP: 17/24 MP: 6/6
  1311 | D:2      | Reached skill level 5 in Summonings
  1552 | D:2      | Found a faded altar of an unknown god.
  1949 | D:2      | Noticed Natasha
  1972 | D:2      | Reached XP level 4. HP: 6/30 MP: 1/7
  1983 | D:2      | Killed Natasha
  2322 | D:2      | Reached skill level 6 in Summonings
  2543 | D:2      | Learned a level 3 spell: Call Canine Familiar
  2661 | D:2      | Noticed Natasha
  2668 | D:2      | Killed Natasha
  2669 | D:2      | Reached XP level 5. HP: 35/35 MP: 2/8
  3340 | D:3      | Reached skill level 7 in Summonings
  3354 | D:3      | Reached XP level 6. HP: 28/41 MP: 5/9
  3971 | D:4      | Found a glowing drain.
  4019 | Sewer    | Entered a sewer
  4189 | Sewer    | Reached skill level 1 in Polearms
  4507 | D:4      | Killed from afar by an orc priest

Illustrated notes

Levels and vault maps discovered:
D:1:      ncdulo_halloftheorcs, layout_rooms, minmay_close_crescents
D:2:      layout_basic, shapermc_ecumenical_altar_mp_vishouse, uniq_natasha
D:3:      layout_loops_ring
D:4:      layout_basic, fiery_altar_vehumet, gup_sewer_entry_glass,
          serial_shops, kennysheep_little_box

Skill      XL: |  1  2  3  4  5  6 |
---------------+-------------------+-----
Summonings     | 5 6 7 |  7.5
Polearms       | 1 |  1.2
Dodging        | |  2.6
Stealth        | |  2.1
Spellcasting   | |  2.0

Action                   |  1- 3 |  4- 6 || total
-------------------------+-------+-------++-------
Melee: Club              |    17 |       ||    17
       Falchion          |    83 |    32 ||   115
       Unarmed           |     4 |       ||     4
       Halberd           |       |    18 ||    18
       Trident           |       |    56 ||    56
       Punch             |       |     3 ||     3
 Cast: Summon Small Mamm |    14 |       ||    14
       Call Imp          |    15 |     8 ||    23
       Call Canine Famil |       |    12 ||    12
  Use: Potion            |     1 |     3 ||     4
 Stab: Sleeping          |     6 |     2 ||     8
       Distracted        |       |     2 ||     2
Armor: Robe              |    32 |    23 ||    55
       Skin              |    17 |    20 ||    37
Dodge: Dodged            |   118 |    72 ||   190
